 Dungeon Crawl Stone Soup version 0.29.1-15-g9cfb28693d (webtiles) character file.

Game seed: 10281158762857316917

69 vishdafish the Conjurer (level 4, 30/30 HPs)
             Began as a Demonspawn Conjurer on Mar 29, 2023.
             Quit the game on level 2 of the Dungeon.
             The game lasted 00:02:12 (1448 turns).

vishdafish the Conjurer (Demonspawn Conjurer)       Turns: 1448, Time: 00:02:13

Health: 30/30      AC:  4    Str:  8    XL:     4   Next: 2%
Magic:  0/8        EV: 12    Int: 21    God:
Gold:   31         SH:  0    Dex: 11    Spells: 8/9 levels left

rFire   . . .      SeeInvis .   (no weapon)
rCold   . . .      Faith    .   (no shield)
rNeg    . . .      Spirit   .   a - +0 robe
rPois   .          Reflect  .   (no helmet)
rElec   .          Harm     .   (no cloak)
rCorr   .          Rampage  .   (no gloves)
Will    .....                   (no boots)
Stlth   ++........              (no amulet)
HPRegen 0.10/turn               (no ring)
MPRegen 0.11/turn               (no ring)

@: no status effects
A: hooves 1, molten scales 1, foul stench 1
a: no special abilities


You were on level 2 of the Dungeon.
You visited 1 branch of the dungeon, and saw 2 of its levels.

You collected 31 gold pieces.

Inventory:

Hand Weapons
 i - a +0 dagger
Armour
 a - a +0 robe (worn)
Jewellery
 h - an amulet of guardian spirit
Scrolls
 c - 2 scrolls of noise {unknown}
 g - a scroll of enchant weapon {unknown}
 l - a scroll of amnesia {unknown}
Potions
 b - a potion of magic
 d - a potion of degeneration {unknown}
 e - a potion of brilliance {unknown}
 f - 2 potions of flight {unknown}
 j - a potion of resistance {unknown}
 k - a potion of curing {unknown}


   Skills:
 - Level 1.7 Dodging
 - Level 1.7 Stealth
 + Level 3.1 Spellcasting
 + Level 4.8 Conjurations


You had 8 spell levels left.
You knew the following spells:

 Your Spells              Type           Power      Damage    Failure   Level
a - Magic Dart            Conj           92%        1d7       1%          1

Your spell library contained the following spells:

 Spells                   Type           Power      Damage    Failure   Level
 Searing Ray              Conj           46%        2d6       2%          2
 Foxfire                  Conj/Fire      52%        2x1d6     4%          1
 Summon Small Mammal      Summ           12%        N/A       13%         1
 Conjure Flame            Conj/Fire      13%        6-21      14%         3
 Dazzling Flash           Conj/Hex       26%        N/A       14%         3
 Call Canine Familiar     Summ           3%         N/A       36%         3
 Inner Flame              Hex/Fire       3%         N/A       36%         3
 Summon Guardian Golem    Hex/Summ       3%         N/A       36%         3
 Flame Wave               Conj/Fire      13%        2d6       43%         4
 Fulminant Prism          Conj/Hex       6%         3d7       43%         4
 Iskenderun's Mystic Bla  Conj/Tloc      13%        2d5       43%         4


Dungeon Overview and Level Annotations

Branches:
Dungeon (2/15)

Altars:


Innate Abilities, Weirdness & Mutations

You have large cloven feet.
You are partially covered in molten scales. (AC +2)
You may rarely emit foul miasma when damaged in melee.


Message History

Nothing appears to happen.
The magic dart hits the rat.
The rat is moderately wounded.
You can't see any susceptible monsters within range! (Use Z to cast anyway.)
You can't see any susceptible monsters within range! (Use Z to cast anyway.)
A rat is nearby!
A rat is nearby!
The magic dart hits the rat!
You kill the rat!
You can't see any susceptible monsters within range! (Use Z to cast anyway.)
You can't see any susceptible monsters within range! (Use Z to cast anyway.)
Your magical contamination has completely faded away.
A gnoll comes into view. It is wielding a +0 club.
A gnoll is nearby!
A gnoll is nearby!
The magic dart hits the gnoll!
The gnoll is severely wounded.
The gnoll shouts!
The magic dart hits the gnoll.
The gnoll is severely wounded.
The magic dart hits the gnoll.
You kill the gnoll!
An adder comes into view.
A gnoll comes into view. It is wielding a +0 whip.
The magic dart hits the adder.
The adder is lightly wounded.
The gnoll shouts!
A rat comes into view.
The magic dart hits the adder.
The adder is severely wounded.
A gnoll comes into view. It is wielding a +0 halberd.
The magic dart hits the adder.
The adder is almost dead.
The gnoll shouts!
The magic dart hits the adder.
You kill the adder!
You have reached level 4!
You feel stronger.
Your demonic ancestry asserts itself...
You begin to emit a foul stench of rot and decay.
Are you sure you want to abandon this character and quit the game? (Confirm with "yes".)

#(# #.............'.....
#.###.............#.####
#...........#.#####.#
########.#..#.# #.#
........#..#.# ##.###
#######......# #....#
##....### #...[#
##.....# #....# #.@.†..#
#....##
#.r###..######...... #.#
#.#.........## .g.
.#........... g...
.#........... .....
..........# .....
.........#. ....
........### ...........


You could see 2 gnolls and a rat.

Vanquished Creatures
  3 adders (D:2)
  A gnoll (D:2)
  A dart slug (D:1)
  4 bats
  3 endoplasms (D:1)
  2 giant cockroaches (D:1)
  3 goblins
  3 hobgoblins (D:1)
  3 ball pythons
  3 frilled lizards
  2 kobolds (D:1)
  3 rats
31 creatures vanquished.

Notes
Turn   | Place    | Note
-------+----------+-------------------------------------------
     0 | D:1      | vishdafish the Demonspawn Conjurer began the quest for the
                  | Orb.
     0 | D:1      | Reached XP level 1. HP: 13/13 MP: 3/3
   321 | D:1      | Gained mutation: You are partially covered in molten
                  | scales. (AC +2) [demonic ancestry]
   321 | D:1      | Reached XP level 2. HP: 19/19 MP: 0/5
   402 | D:1      | Found a faded altar of an unknown god.
  1109 | D:2      | Gained mutation: You have large cloven feet. [demonic
                  | ancestry]
  1109 | D:2      | Reached XP level 3. HP: 21/24 MP: 2/7
  1448 | D:2      | Gained mutation: You may rarely emit foul miasma when
                  | damaged in melee. [demonic ancestry]
  1448 | D:2      | Reached XP level 4. HP: 30/30 MP: 0/8
  1448 | D:2      | Quit the game

Illustrated notes

Levels and vault maps discovered:
D:1:      dpeg_arrival_snail, layout_rooms, chequers_ecumenical_altar_island,
          minmay_tree_intersection
D:2:      layout_basic, serial_park_tiny_2, serial_park_tiny_2, minmay_ruptured

Skill      XL: |  1  2  3 |
---------------+----------+-----
Spellcasting   | 3 |  3.1
Dodging        | |  1.7
Stealth        | |  1.7
Conjurations   | |  4.8

Action                   |  1- 3 |  4- 6 || total
-------------------------+-------+-------++-------
Melee: Unarmed           |     5 |       ||     5
 Cast: Magic Dart        |    65 |       ||    65
Dodge: Dodged            |     4 |       ||     4
